 Dungeon Crawl Stone Soup version 0.25-a0-949-gdd2af9e06e (webtiles) character file.

Game seed: 10084170841538112545, levelgen mode: deterministic

78 Flugslaktarn the Skirmisher (level 4, -5/40 HPs)
             Began as a Minotaur Fighter on May 9, 2020.
             Slain by an orc warrior
             ... wielding a +0 dire flail
              (11 damage)
             ... on level 4 of the Dungeon.
             The game lasted 00:00:17 (423 turns).

Flugslaktarn the Skirmisher (Minotaur Fighter)       Turns: 423, Time: 00:00:17

Health: -5/40      AC:  8    Str: 22    XL:     4   Next: 15%
Magic:  3/3        EV:  7    Int:  5    God:
Gold:   29         SH:  9    Dex:  9    Spells: 3/3 levels left

rFire    . . .     SeeInvis .   a - +0 war axe
rCold    . . .     Gourm    .   c - +0 kite shield
rNeg     . . .     Faith    .   b - +0 scale mail
rPois    .         Spirit   .   (helmet restricted)
rElec    .         Reflect  .   (no cloak)
rCorr    .         Harm     .   (no gloves)
MR       .....                  k - +0 pair of boots
Stlth    ..........             (no amulet)
HPRegen  0.13/turn              (no ring)
MPRegen  0.08/turn              (no ring)

@: no status effects
A: retaliatory headbutt, horns 2
a: no special abilities


You were on level 4 of the Dungeon.
You were not hungry.

You visited 1 branch of the dungeon, and saw 4 of its levels.

You collected 29 gold pieces.

Inventory:

Hand Weapons
 a - a +0 war axe (weapon)
Armour
 b - a +0 scale mail (worn)
 c - a +0 kite shield (worn)
 k - a +0 pair of boots (worn)
   (You found it on level 4 of the Dungeon)
Jewellery
 h - an uncursed ring of magical power {unknown}
   (You found it on level 2 of the Dungeon)
Scrolls
 i - a scroll of remove curse {unknown}
Potions
 d - a potion of might
 g - a potion of brilliance {unknown}
 j - a potion of flight {unknown}
Comestibles
 e - a ration
 f - 4 chunks of flesh


   Skills:
 + Level 4.2 Fighting
 * Level 3.9 Axes
 + Level 4.2 Armour
 + Level 4.2 Shields


You had 3 spell levels left.
You didn't know any spells.
Your spell library was empty.

Dungeon Overview and Level Annotations

Branches:
Dungeon (4/15)
 Temple: D:4-7

Altars:


Innate Abilities, Weirdness & Mutations

You reflexively headbutt those who attack you in melee.
You have a pair of horns on your head.


Message History

You furiously retaliate!
You headbutt the orc!
You kill the orc!
You block the orc warrior's attack.
The quokka bites you but does no damage.
You slash the orc warrior!
You headbutt the orc warrior, but do no damage.
The orc warrior is heavily wounded.
You miss the quokka. The quokka bites you.
The orc warrior hits you with a +0 dire flail!
An orc comes into view.
The quokka bites you.
You closely miss the orc warrior.
The orc warrior is heavily wounded.
The orc shouts!
You slash the quokka!
You kill the quokka!
The orc warrior hits you with a +0 dire flail!!
* * * LOW HITPOINT WARNING * * *
The orc warrior hits you with a +0 dire flail!
You die...

### ##.#.#.#
#......# ....
...[#.# #......#
.....##o##.#
#......#
..<........#
#......#
...###.####
#......#
#.#######+#...##
#........ ...#
#........
#@.......
#.....[)o......
#...........[..
#..............
#..............
#..............
#..............
#........(.....


You could see an orc warrior and an orc.

Vanquished Creatures
  An orc priest (D:4)
  A worker ant (D:4)
  A worm (D:2)
  A leopard gecko (D:4)
  2 orcs (D:4)
  2 giant cockroaches (D:2)
  A goblin (D:2)
  A hobgoblin (D:2)
  3 jackals (D:2)
  A quokka (D:4)
  2 frilled lizards
  A kobold (D:2)
  2 rats
19 creatures vanquished.

Notes
Turn   | Place    | Note
-------+----------+-------------------------------------------
     0 | D:1      | Flugslaktarn the Minotaur Fighter began the quest for the
                  | Orb.
     0 | D:1      | Reached XP level 1. HP: 19/19 MP: 0/0
    48 | D:2      | Reached XP level 2. HP: 24/27 MP: 1/1
   330 | D:4      | Reached XP level 3. HP: 25/33 MP: 2/2
   416 | D:4      | Noticed an orc warrior
   420 | D:4      | Reached XP level 4. HP: 35/40 MP: 3/3
   423 | D:4      | Slain by an orc warrior

Levels and vault maps discovered:
D:1:      psy_arrival_whirlpool, layout_loops_ring
D:2:      layout_rooms, minitemple, ebering_dispersal_statue_hall, uniq_natasha
D:3:      layout_loops_ring, lemuel_doored_altar
D:4:      layout_basic, minmay_temple_entry_trees, first_ration, uniq_sigmund

Skill      XL: |  1  2 |
---------------+-------+-----
Axes           | 3 |  3.9
Fighting       | 4 |  4.2
Armour         | 4 |  4.2
Shields        | 4 |  4.2

Action                   |  1- 3 |  4- 6 || total
-------------------------+-------+-------++-------
Melee: War axe           |    43 |     3 ||    46
       Headbutt          |     6 |     1 ||     7
Armor: Scale mail        |    20 |     2 ||    22
Dodge: Dodged            |    11 |     1 ||    12
Block: Kite shield       |    24 |     3 ||    27

Table legend:
 A = Non-vault XP
 B = Vault XP
 C = Vault XP percentage of total XP
 D = Non-vault monster count
 E = Vault monster count
 F = Vault count percentage of total count
                 A         B        C        D         E       F
            +---------+---------+-------+---------+---------+-------
      Total |     112 |       0 |   0.0 |      19 |       0 |   0.0
            +---------+---------+-------+---------+---------+-------
        D:1 |       1 |       0 |   0.0 |       1 |       0 |   0.0
        D:2 |      21 |       0 |   0.0 |      10 |       0 |   0.0
        D:3 |       2 |       0 |   0.0 |       2 |       0 |   0.0
        D:4 |      88 |       0 |   0.0 |       6 |       0 |   0.0
            +---------+---------+-------+---------+---------+-------
